Blue Jackets vs Predators
(R1)
Created - December 5, 2022 at 19:32
Goals
|
| Blue Jackets |
1 |
0 |
1 |
2 |
| Predators |
1 |
1 |
1 |
3 |
|
Shots
|
| Blue Jackets |
16 |
7 |
12 |
35 |
| Predators |
16 |
6 |
8 |
30 |
|
1st period
1. Predators , Jack Eichel 3 (Alexander Ovechkin 11, Mikael Granlund 11) at 11:07
2. Blue Jackets , Mikko Rantanen 9 (Travis Hamonic 5, Teuvo Teravainen 8) at 17:48 (PP)
Penalties :
Nicklas Backstrom (Clb) for Checking from behind (Minor) at 12:49, Mikael Granlund (Nas) for Interference (Minor) at 17:14
2nd period
3. Predators , Mark Pysyk 5 (Justin Abdelkader 2, Nate Schmidt 2) at 12:53
Penalties :
Jason Zucker (Clb) for Holding Stick (Minor) at 4:01, Matt Stajan (Nas) for Hooking (Minor) at 6:16, Fabian Brunnstrom (Clb) for Roughing (Minor) at 9:03, Andy Miele (Nas) for Cross-checking (Minor) at 13:53, Colton Parayko (Clb) for Slashing (Double Minor) at 17:21
3rd period
4. Blue Jackets , Rickard Rakell 3 (Colton Parayko 4, William Karlsson 2) at 11:17
5. Predators , Mike Brown 4 (Nicolas Kerdiles 2, Alexander Edler 9) at 15:32
Penalties :
Rickard Rakell (Clb) for Interference (Minor) at 5:38, Mark Pysyk (Nas) for Interference (Minor) at 13:25, Justin Faulk (Nas) for Tripping (Minor) at 18:53
Goalie Stats
Michal Neuvirth (Clb), 27 saves from 30 shots - (0.900), L, 6-9-0, 58:45 minutes
Kari Lehtonen (Nas), 33 saves from 35 shots - (0.943), W, 9-3-1, 60:00 minutes
Players Stats for Blue Jackets
Player Name G A P +/- PIM S H SB GA TA FO MP PP MP PK MP
------------------------------------------------------------------------------------
Ben Chiarot 0 0 0 -1 0 1 3 1 0 1 0/0 19:38 0:00 5:22
Bobby Ryan 0 0 0 0 0 1 0 0 1 1 0/0 16:37 3:15 3:32
Bryce Lampman 0 0 0 0 0 6 1 0 0 0 0/0 9:16 0:00 1:04
Colton Parayko 0 1 1 0 4 1 1 0 0 1 0/0 25:35 4:22 4:01
Fabian Brunnstrom 0 0 0 -1 2 0 1 0 0 0 0/0 9:24 0:00 1:12
Jake McCabe 0 0 0 -1 0 1 2 0 0 1 0/0 19:31 0:00 5:15
Jason Zucker 0 0 0 -1 2 0 1 0 0 0 0/0 13:10 3:15 0:50
Mike Richards 0 0 0 -1 0 0 2 0 1 0 1/2 8:51 0:00 0:53
Mikko Rantanen 1 0 1 0 0 4 1 3 0 0 0/2 17:24 4:22 0:00
Nicklas Backstrom 0 0 0 0 2 5 0 0 1 0 13/19 17:37 4:22 0:00
Rickard Rakell 1 0 1 -1 2 5 1 1 0 0 0/0 18:47 3:15 4:58
Riley Sheahan 0 0 0 -2 0 0 3 0 0 0 1/1 12:40 3:15 0:00
Sean Monahan 0 0 0 -1 0 2 1 0 1 0 3/10 15:53 3:15 3:32
Shea Theodore 0 0 0 0 0 1 0 1 0 0 0/0 10:57 0:00 2:01
Teuvo Teravainen 0 1 1 0 0 5 3 0 0 0 1/2 17:27 4:22 0:00
Travis Hamonic 0 1 1 0 0 2 0 2 0 1 0/0 28:03 4:22 6:07
Vince Hinostroza 0 0 0 -1 0 1 2 0 1 2 1/2 10:35 0:00 2:37
William Karlsson 0 1 1 0 0 0 1 1 0 0 4/16 16:35 0:00 6:16
Players Stats for Predators
Player Name G A P +/- PIM S H SB GA TA FO MP PP MP PK MP
------------------------------------------------------------------------------------
Alexander Edler 0 1 1 -1 0 4 1 2 0 0 0/0 27:07 6:42 4:06
Alexander Ovechkin 0 1 1 0 0 1 1 0 0 1 3/10 22:37 6:16 4:19
Andy Miele 0 0 0 0 2 1 2 0 0 0 7/11 17:31 5:24 0:55
Brendan Gallagher 0 0 0 0 0 4 1 0 0 0 0/0 17:04 4:44 1:36
Jack Eichel 1 0 1 0 0 3 2 0 0 0 12/20 17:14 5:19 0:09
Jaden Schwartz 0 0 0 0 0 1 1 0 3 0 0/1 18:20 4:59 2:37
John Moore 0 0 0 0 0 2 1 0 0 2 0/0 22:41 4:46 3:31
Josh Morrissey 0 0 0 3 0 0 0 0 1 0 0/0 10:58 0:27 0:44
Justin Abdelkader 0 1 1 1 0 3 0 0 0 0 0/0 11:46 1:04 0:17
Justin Faulk 0 0 0 0 2 1 2 2 0 0 0/0 22:03 4:46 2:54
Mark Pysyk 1 0 1 1 2 1 0 0 0 0 1/1 12:56 0:24 1:33
Matt Stajan 0 0 0 1 2 3 0 1 1 0 4/7 11:49 1:13 0:00
Mikael Granlund 0 1 1 0 2 1 1 0 0 0 2/3 22:21 6:14 3:48
Mike Brown 1 0 1 1 0 1 0 0 1 0 0/0 6:51 0:00 0:00
Nate Schmidt 0 1 1 3 0 0 0 1 1 2 0/0 10:12 0:27 0:00
Nicolas Kerdiles 0 1 1 1 0 1 0 0 0 0 0/0 6:59 0:08 0:00
Ryan Mcdonagh 0 0 0 -1 0 2 0 2 0 0 0/0 26:58 6:42 3:59
Scott Laughton 0 0 0 1 0 1 1 0 0 0 1/1 6:51 0:00 0:00
3 Stars
1 - Kari Lehtonen (Nas)
2 - Nate Schmidt (Nas)
3 - Jack Eichel (Nas)
Power Play
Blue Jackets - 1 on 5 Attempt(s) - 20.00%
Predators - 0 on 6 Attempt(s) - 0.00%
Penalty Kill
Blue Jackets - 6 on 6 Attempt(s) - 100.00%
- Score 0 goal in Penalty Kill
Predators - 4 on 5 Attempt(s) - 80.00%
- Score 0 goal in Penalty Kill
Team Stat
Blue Jackets - Hits : 23 - Faceoff Wins : 24 - Blocked Shots : 9 - Penalty Minutes : 12
Predators - Hits : 13 - Faceoff Wins : 30 - Blocked Shots : 8 - Penalty Minutes : 10
Official
Referees : TJ Luxmore and Dean Morton
Linesman : Ryan Gibbons and Devin Berg
Game Notes
No Game Note
Finance
Level 1 -- Attendance: 6000 (100.00%) -- Ticket Income $600,000
Level 2 -- Attendance: 4719 (94.38%) -- Ticket Income $283,140
Level 3 -- Attendance: 2000 (100.00%) -- Ticket Income $70,000
Level 4 -- Attendance: 4000 (100.00%) -- Ticket Income $100,000
Luxury Box -- Attendance: 911 (91.10%) -- Ticket Income $182,200
Game was played at the Bridgestone arena.
Total Attendance: 17630 (97.94%)
Total Ticket Income: $1,235,340
Other Income: $185,301
Total Income: $1,420,641
Blue Jackets
5 vs 5 Forward
Center Left Wing Right Wing Time % Phy DF OF
1 Nicklas Backstrom Teuvo Teravainen Mikko Rantanen 33 1 1 3
2 Sean Monahan Jason Zucker Riley Sheahan 25 0 1 4
3 William Karlsson Rickard Rakell Bobby Ryan 25 1 1 3
4 Mike Richards Fabian Brunnstrom Vince Hinostroza 17 0 3 2
5 vs 5 Defense
Defense Defense Time % Phy DF OF
1 Colton Parayko Travis Hamonic 40 1 2 2
2 Ben Chiarot Jake McCabe 30 1 2 2
3 Bryce Lampman Shea Theodore 20 1 2 2
4 Colton Parayko Travis Hamonic 10 1 2 2
PowerPlay Forward
Center Left Wing Right Wing Time % Phy DF OF
1 Nicklas Backstrom Teuvo Teravainen Mikko Rantanen 60 0 0 5
2 Sean Monahan Jason Zucker Bobby Ryan 40 0 0 5
PowerPlay Defense
Defense Defense Time % Phy DF OF
1 Colton Parayko Travis Hamonic 60 0 1 4
2 Riley Sheahan Rickard Rakell 40 0 1 4
Penalty Kill 4 Players Forward
Center Wing Time % Phy DF OF
1 William Karlsson Rickard Rakell 60 1 2 2
2 Sean Monahan Bobby Ryan 40 1 2 2
Penalty Kill 4 Players Defense
Defense Defense Time % Phy DF OF
1 Colton Parayko Travis Hamonic 60 1 2 2
2 Ben Chiarot Jake McCabe 40 1 2 2
Penalty Kill - 3 Players Forward
Forward Time % Phy DF OF
1 William Karlsson 60 1 2 2
2 Sean Monahan 40 1 2 2
Penalty Kill - 3 Players Defense
Defense Defense Time % Phy DF OF
1 Colton Parayko Travis Hamonic 60 1 2 2
2 Ben Chiarot Jake McCabe 40 1 2 2
4 vs 4 Forward
Center Wing Time % Phy DF OF
1 Nicklas Backstrom Rickard Rakell 60 1 2 2
2 Sean Monahan Teuvo Teravainen 40 1 2 2
4 vs 4 Defense
Defense Defense Time % Phy DF OF
1 Colton Parayko Travis Hamonic 60 1 2 2
2 Ben Chiarot Jake McCabe 40 1 2 2
Last Minutes Offensive
Center Left Wing Right Wing Defense Defense
Nicklas Backstrom Teuvo Teravainen Bobby Ryan Colton Parayko Travis Hamonic
Last Minutes Defensive
Center Left Wing Right Wing Defense Defense
William Karlsson Rickard Rakell Riley Sheahan Colton Parayko Travis Hamonic
Goaltenders
Starting : Michal Neuvirth
Backup : Cam Talbot
Extra Forwards
Normal : Teuvo Teravainen, Rickard Rakell, Mikko Rantanen - PP : Mike Richards, William Karlsson - PK : Vince Hinostroza
Extra Defensemen
Normal : Colton Parayko, Travis Hamonic, Jake McCabe - PP : Ben Chiarot - PK : Shea Theodore, Ben Chiarot
Penalty Shots
Nicklas Backstrom, Teuvo Teravainen, Bobby Ryan, Jason Zucker, Sean Monahan
Scratches
Zac Rinaldo (Healthy)
Predators
5 vs 5 Forward
Center Left Wing Right Wing Time % Phy DF OF
1 Jack Eichel Alexander Ovechkin Mikael Granlund 40 1 2 2
2 Andy Miele Jaden Schwartz Brendan Gallagher 30 1 2 2
3 Matt Stajan Justin Abdelkader Mark Pysyk 20 1 2 2
4 Scott Laughton Nicolas Kerdiles Mike Brown 10 1 2 2
5 vs 5 Defense
Defense Defense Time % Phy DF OF
1 Ryan Mcdonagh Alexander Edler 40 1 2 2
2 John Moore Justin Faulk 30 1 2 2
3 Nate Schmidt Josh Morrissey 20 1 2 2
4 Ryan Mcdonagh Alexander Edler 10 1 2 2
PowerPlay Forward
Center Left Wing Right Wing Time % Phy DF OF
1 Andy Miele Alexander Ovechkin Mikael Granlund 60 1 2 2
2 Jack Eichel Jaden Schwartz Brendan Gallagher 40 1 2 2
PowerPlay Defense
Defense Defense Time % Phy DF OF
1 Ryan Mcdonagh Alexander Edler 60 1 2 2
2 John Moore Justin Faulk 40 1 2 2
Penalty Kill 4 Players Forward
Center Wing Time % Phy DF OF
1 Alexander Ovechkin Mikael Granlund 60 1 2 2
2 Jaden Schwartz Brendan Gallagher 40 1 2 2
Penalty Kill 4 Players Defense
Defense Defense Time % Phy DF OF
1 Ryan Mcdonagh Alexander Edler 60 1 2 2
2 John Moore Justin Faulk 40 1 2 2
Penalty Kill - 3 Players Forward
Forward Time % Phy DF OF
1 Alexander Ovechkin 60 1 2 2
2 Mikael Granlund 40 1 2 2
Penalty Kill - 3 Players Defense
Defense Defense Time % Phy DF OF
1 Ryan Mcdonagh Alexander Edler 60 1 2 2
2 John Moore Justin Faulk 40 1 2 2
4 vs 4 Forward
Center Wing Time % Phy DF OF
1 Alexander Ovechkin Mikael Granlund 60 1 2 2
2 Jaden Schwartz Brendan Gallagher 40 1 2 2
4 vs 4 Defense
Defense Defense Time % Phy DF OF
1 Ryan Mcdonagh Alexander Edler 60 1 2 2
2 John Moore Justin Faulk 40 1 2 2
Last Minutes Offensive
Center Left Wing Right Wing Defense Defense
Andy Miele Alexander Ovechkin Mikael Granlund Ryan Mcdonagh Alexander Edler
Last Minutes Defensive
Center Left Wing Right Wing Defense Defense
Andy Miele Alexander Ovechkin Mikael Granlund Ryan Mcdonagh Alexander Edler
Goaltenders
Starting : Kari Lehtonen
Backup : Jaroslav Halak
Extra Forwards
Normal : Matt Stajan, Justin Abdelkader, Mark Pysyk - PP : Matt Stajan, Justin Abdelkader - PK : Mark Pysyk
Extra Defensemen
Normal : Nate Schmidt, Josh Morrissey, John Moore - PP : Nate Schmidt - PK : Josh Morrissey, John Moore
Penalty Shots
Alexander Ovechkin, Mikael Granlund, Jaden Schwartz, Brendan Gallagher, Andy Miele
Scratches
None
% Time on Ice - Blue Jackets
Lines # - Real PCT - Wanted PCT - Time Play
Normal Forward
1 - 34% - 33% - 13:41
2 - 23% - 25% - 9:06
3 - 24% - 25% - 9:40
4 - 20% - 17% - 7:58
Normal Defense
1 - 40% - 40% - 16:09
2 - 36% - 30% - 14:42
3 - 20% - 20% - 8:01
4 - 4% - 10% - 1:33
PP Forward
1 - 57% - 60% - 4:22
2 - 43% - 40% - 3:15
PP Defense
1 - 57% - 60% - 4:22
2 - 43% - 40% - 3:15
PK Forward
1 - 70% - 60% - 8:23
2 - 30% - 40% - 3:32
PK Defense
1 - 60% - 60% - 7:11
2 - 40% - 40% - 4:44
PK3 Forward
1 - 0% - 60%
2 - 0% - 40%
PK3 Defense
1 - 0% - 60%
2 - 0% - 40%
44 Forward
1 - 0% - 60%
2 - 0% - 40%
44 Defense
1 - 0% - 60%
2 - 0% - 40%
Last Minute Offensive - 0:03
Last Minute Defensive - 0:00
Total
Forward - 60:00
Defense - 60:00
|
% Time on Ice - Predators
Lines # - Real PCT - Wanted PCT - Time Play
Normal Forward
1 - 31% - 40% - 12:28
2 - 27% - 30% - 10:44
3 - 26% - 20% - 10:25
4 - 17% - 10% - 6:51
Normal Defense
1 - 37% - 40% - 15:05
2 - 36% - 30% - 14:24
3 - 24% - 20% - 9:45
4 - 3% - 10% - 1:14
PP Forward
1 - 55% - 60% - 6:33
2 - 45% - 40% - 5:22
PP Defense
1 - 60% - 60% - 7:09
2 - 40% - 40% - 4:46
PK Forward
1 - 79% - 60% - 6:01
2 - 21% - 40% - 1:36
PK Defense
1 - 54% - 60% - 4:06
2 - 46% - 40% - 3:31
PK3 Forward
1 - 0% - 60%
2 - 0% - 40%
PK3 Defense
1 - 0% - 60%
2 - 0% - 40%
44 Forward
1 - 0% - 60%
2 - 0% - 40%
44 Defense
1 - 0% - 60%
2 - 0% - 40%
Last Minute Offensive - 0:00
Last Minute Defensive - 0:00
Total
Forward - 60:00
Defense - 60:00
|
Play-by-Play
1st period
0:01 of 1st period - Jack Eichel wins face-off versus Nicklas Backstrom in neutral zone.
0:14 of 1st period - Snap shot by Jack Eichel.
0:14 of 1st period - Stopped by Michal Neuvirth without a rebound.
0:15 of 1st period - Riley Sheahan wins face-off versus Andy Miele in Blue Jackets zone.
0:20 of 1st period - Slapshot by Andy Miele.
0:20 of 1st period - Shot Blocked by Ben Chiarot.
0:22 of 1st period - Slapshot by Justin Faulk.
0:22 of 1st period - Stopped by Michal Neuvirth with a rebound.
0:24 of 1st period - Slapshot by John Moore.
0:24 of 1st period - Deflect By Riley Sheahan.
0:24 of 1st period - Stopped by Michal Neuvirth without a rebound.
0:25 of 1st period - Sean Monahan wins face-off versus Andy Miele in Blue Jackets zone.
0:53 of 1st period - Icing by Ben Chiarot.
0:54 of 1st period - Matt Stajan wins face-off versus Sean Monahan in Blue Jackets zone.
1:43 of 1st period - Wrist shot by Matt Stajan.
1:43 of 1st period - Stopped by Michal Neuvirth without a rebound.
1:44 of 1st period - Jack Eichel wins face-off versus William Karlsson in Blue Jackets zone.
3:13 of 1st period - Nate Schmidt is hit by Fabian Brunnstrom and loses puck.
3:22 of 1st period - Wrist shot by Rickard Rakell.
3:22 of 1st period - Stopped by Kari Lehtonen with a rebound.
3:24 of 1st period - Slapshot by Bryce Lampman.
3:24 of 1st period - Stopped by Kari Lehtonen without a rebound.
3:25 of 1st period - William Karlsson wins face-off versus Jack Eichel in Predators zone.
3:30 of 1st period - Wrist shot by Bobby Ryan.
3:30 of 1st period - Shot Misses the Net.
3:32 of 1st period - Slapshot by Jake McCabe.
3:32 of 1st period - Stopped by Kari Lehtonen with a rebound.
4:30 of 1st period - Snap shot by Alexander Ovechkin.
4:30 of 1st period - Stopped by Michal Neuvirth with a rebound.
4:32 of 1st period - Backhand shot by John Moore.
4:32 of 1st period - Shot Misses the Net.
4:54 of 1st period - Backhand shot by Bobby Ryan.
4:54 of 1st period - Shot Misses the Net.
4:58 of 1st period - Snap shot by William Karlsson.
4:58 of 1st period - Deflect By Rickard Rakell.
4:58 of 1st period - Shot Blocked by Ryan Mcdonagh.
4:58 of 1st period - Puck is out of play.
4:59 of 1st period - Nicklas Backstrom wins face-off versus Jack Eichel in Predators zone.
5:06 of 1st period - Snap shot by Teuvo Teravainen.
5:06 of 1st period - Stopped by Kari Lehtonen with a rebound.
5:12 of 1st period - Nicklas Backstrom is hit by Mikael Granlund and loses puck.
6:01 of 1st period - Snap shot by Andy Miele.
6:01 of 1st period - Shot Misses the Net.
6:03 of 1st period - Slapshot by Alexander Edler.
6:03 of 1st period - Shot Blocked by Shea Theodore.
6:17 of 1st period - Vince Hinostroza is hit by Jack Eichel and loses puck.
6:38 of 1st period - Wrist shot by Matt Stajan.
6:38 of 1st period - Stopped by Michal Neuvirth with a rebound.
6:46 of 1st period - Ryan Mcdonagh is hit by Sean Monahan.
7:18 of 1st period - Off-side.
7:19 of 1st period - Nicklas Backstrom wins face-off versus Jaden Schwartz in neutral zone.
7:32 of 1st period - Snap shot by Mikko Rantanen.
7:32 of 1st period - Stopped by Kari Lehtonen without a rebound.
7:33 of 1st period - Mike Richards wins face-off versus Jack Eichel in Predators zone.
8:36 of 1st period - Snap shot by Matt Stajan.
8:36 of 1st period - Stopped by Michal Neuvirth with a rebound.
8:55 of 1st period - Alexander Edler is hit by Riley Sheahan and loses puck.
10:08 of 1st period - Mark Pysyk is hit by Ben Chiarot and loses puck.
10:50 of 1st period - Alexander Ovechkin is hit by Colton Parayko and loses puck.
11:05 of 1st period - Snap shot by Alexander Ovechkin.
11:05 of 1st period - Shot Blocked by William Karlsson.
11:07 of 1st period - Snap shot by Jack Eichel.
11:07 of 1st period - Goal by Jack Eichel - Blue Jackets : 0 - Predators : 1.
11:08 of 1st period - Andy Miele wins face-off versus Nicklas Backstrom in neutral zone.
11:23 of 1st period - Snap shot by Nicklas Backstrom.
11:23 of 1st period - Stopped by Kari Lehtonen with a rebound.
11:33 of 1st period - Colton Parayko is hit by Andy Miele and loses puck.
11:52 of 1st period - Wrist shot by Andy Miele.
11:52 of 1st period - Shot Misses the Net.
11:56 of 1st period - Wrist shot by Brendan Gallagher.
11:56 of 1st period - Shot Blocked by Travis Hamonic.
12:04 of 1st period - Snap shot by Jaden Schwartz.
12:04 of 1st period - Shot Blocked by Mikko Rantanen.
12:14 of 1st period - Snap shot by Brendan Gallagher.
12:14 of 1st period - Stopped by Michal Neuvirth with a rebound.
12:16 of 1st period - Snap shot by Brendan Gallagher.
12:16 of 1st period - Shot Misses the Net.
12:18 of 1st period - Snap shot by Andy Miele.
12:18 of 1st period - Shot Misses the Net.
12:20 of 1st period - Snap shot by Brendan Gallagher.
12:20 of 1st period - Shot Misses the Net.
12:22 of 1st period - Slapshot by Ryan Mcdonagh.
12:22 of 1st period - Shot Misses the Net.
12:24 of 1st period - Slapshot by Ryan Mcdonagh.
12:24 of 1st period - Shot Blocked by Mikko Rantanen.
12:26 of 1st period - Slapshot by Alexander Edler.
12:26 of 1st period - Stopped by Michal Neuvirth with a rebound.
12:34 of 1st period - Snap shot by Jaden Schwartz.
12:34 of 1st period - Stopped by Michal Neuvirth with a rebound.
12:36 of 1st period - Slapshot by Ryan Mcdonagh.
12:36 of 1st period - Shot Blocked by Mikko Rantanen.
12:38 of 1st period - Wrist shot by Andy Miele.
12:38 of 1st period - Stopped by Michal Neuvirth with a rebound.
12:40 of 1st period - Slapshot by Alexander Edler.
12:40 of 1st period - Deflect By Colton Parayko.
12:40 of 1st period - Stopped by Michal Neuvirth with a rebound.
12:49 of 1st period - Minor Penalty to Nicklas Backstrom for Checking from behind.
12:50 of 1st period - Matt Stajan wins face-off versus William Karlsson in Blue Jackets zone.
12:52 of 1st period - Snap shot by Mikael Granlund.
12:52 of 1st period - Stopped by Michal Neuvirth without a rebound.
12:53 of 1st period - Matt Stajan wins face-off versus William Karlsson in Blue Jackets zone.
14:49 of 1st period - Penalty to Nicklas Backstrom is over, Nicklas Backstrom is back on ice.
15:03 of 1st period - Mike Brown is hit by Bryce Lampman and loses puck.
15:14 of 1st period - Travis Hamonic is hit by Scott Laughton and loses puck.
15:25 of 1st period - Mark Pysyk is hit by Mike Richards and loses puck.
15:30 of 1st period - Snap shot by Mike Richards.
15:30 of 1st period - Shot Blocked by Nate Schmidt.
15:32 of 1st period - Slapshot by Bryce Lampman.
15:32 of 1st period - Shot Hit the Post.
15:44 of 1st period - Josh Morrissey is hit by Jake McCabe and loses puck.
16:08 of 1st period - Josh Morrissey is hit by Mikko Rantanen and loses puck.
16:23 of 1st period - Justin Abdelkader is hit by Vince Hinostroza and loses puck.
16:54 of 1st period - Scott Laughton is hit by Jason Zucker and loses puck.
16:59 of 1st period - Wrist shot by Sean Monahan.
16:59 of 1st period - Stopped by Kari Lehtonen without a rebound.
17:00 of 1st period - Jack Eichel wins face-off versus Sean Monahan in Predators zone.
17:14 of 1st period - Minor Penalty to Mikael Granlund for Interference.
17:15 of 1st period - Nicklas Backstrom wins face-off versus Alexander Ovechkin in Predators zone.
17:17 of 1st period - Slapshot by Nicklas Backstrom.
17:17 of 1st period - Stopped by Kari Lehtonen with a rebound.
17:19 of 1st period - Slapshot by Nicklas Backstrom.
17:19 of 1st period - Stopped by Kari Lehtonen without a rebound.
17:20 of 1st period - Nicklas Backstrom wins face-off versus Alexander Ovechkin in Predators zone.
17:21 of 1st period - Snap shot by Mikko Rantanen.
17:21 of 1st period - Shot Blocked by Alexander Edler.
17:23 of 1st period - Snap shot by Teuvo Teravainen.
17:23 of 1st period - Shot Misses the Net.
17:25 of 1st period - Slapshot by Mikko Rantanen.
17:25 of 1st period - Shot Blocked by Ryan Mcdonagh.
17:27 of 1st period - Slapshot by Travis Hamonic.
17:27 of 1st period - Deflect By Ryan Mcdonagh.
17:27 of 1st period - Stopped by Kari Lehtonen with a rebound.
17:29 of 1st period - Snap shot by Nicklas Backstrom.
17:29 of 1st period - Stopped by Kari Lehtonen without a rebound.
17:30 of 1st period - Nicklas Backstrom wins face-off versus Alexander Ovechkin in Predators zone.
17:36 of 1st period - Slapshot by Nicklas Backstrom.
17:36 of 1st period - Shot Misses the Net.
17:38 of 1st period - Slapshot by Travis Hamonic.
17:38 of 1st period - Shot Misses the Net.
17:40 of 1st period - Slapshot by Colton Parayko.
17:40 of 1st period - Stopped by Kari Lehtonen without a rebound.
17:41 of 1st period - Nicklas Backstrom wins face-off versus Alexander Ovechkin in Predators zone.
17:42 of 1st period - Snap shot by Mikko Rantanen.
17:42 of 1st period - Deflect By Teuvo Teravainen.
17:42 of 1st period - Shot Misses the Net.
17:42 of 1st period - Puck is out of play.
17:43 of 1st period - Nicklas Backstrom wins face-off versus Alexander Ovechkin in Predators zone.
17:44 of 1st period - Wrist shot by Teuvo Teravainen.
17:44 of 1st period - Shot Misses the Net.
17:46 of 1st period - Backhand shot by Travis Hamonic.
17:46 of 1st period - Stopped by Kari Lehtonen with a rebound.
17:48 of 1st period - Snap shot by Mikko Rantanen.
17:48 of 1st period - Goal by Mikko Rantanen - Blue Jackets : 1 - Predators : 1.
17:49 of 1st period - Jack Eichel wins face-off versus William Karlsson in neutral zone.
17:52 of 1st period - Backhand shot by Mikael Granlund.
17:52 of 1st period - Shot Misses the Net.
18:00 of 1st period - Slapshot by Colton Parayko.
18:00 of 1st period - Deflect By Bobby Ryan.
18:00 of 1st period - Stopped by Kari Lehtonen without a rebound.
18:01 of 1st period - William Karlsson wins face-off versus Mikael Granlund in Predators zone.
18:02 of 1st period - Wrist shot by Rickard Rakell.
18:02 of 1st period - Stopped by Kari Lehtonen with a rebound.
18:18 of 1st period - Slapshot by Ryan Mcdonagh.
18:18 of 1st period - Stopped by Michal Neuvirth without a rebound.
18:19 of 1st period - Andy Miele wins face-off versus Sean Monahan in Blue Jackets zone.
19:31 of 1st period - Snap shot by Scott Laughton.
19:31 of 1st period - Stopped by Michal Neuvirth with a rebound.
19:50 of 1st period - Justin Faulk is hit by Rickard Rakell and loses puck.
Goals for this period are 1 for Blue Jackets vs 1 for Predators.
Shots for this period are 16 for Blue Jackets vs 16 for Predators.
2nd period
0:01 of 2nd period - Nicklas Backstrom wins face-off versus Jack Eichel in neutral zone.
0:57 of 2nd period - Matt Stajan is hit by Ben Chiarot and loses puck.
1:19 of 2nd period - Snap shot by Fabian Brunnstrom.
1:19 of 2nd period - Shot Blocked by Justin Faulk.
1:27 of 2nd period - Colton Parayko is hit by John Moore and loses puck.
1:42 of 2nd period - Backhand shot by Nicklas Backstrom.
1:42 of 2nd period - Shot Misses the Net.
1:44 of 2nd period - Wrist shot by Mikko Rantanen.
1:44 of 2nd period - Shot Misses the Net.
1:46 of 2nd period - Wrist shot by Nicklas Backstrom.
1:46 of 2nd period - Stopped by Kari Lehtonen without a rebound.
1:47 of 2nd period - Matt Stajan wins face-off versus William Karlsson in Predators zone.
1:47 of 2nd period - Matt Stajan is hit by William Karlsson.
2:42 of 2nd period - Icing by Travis Hamonic.
2:43 of 2nd period - Sean Monahan wins face-off versus Jack Eichel in Blue Jackets zone.
2:47 of 2nd period - Off-side.
2:48 of 2nd period - Teuvo Teravainen wins face-off versus Alexander Ovechkin in neutral zone.
3:16 of 2nd period - Backhand shot by Andy Miele.
3:16 of 2nd period - Shot Hit the Post.
3:18 of 2nd period - Slapshot by John Moore.
3:18 of 2nd period - Shot Misses the Net.
3:44 of 2nd period - Snap shot by Matt Stajan.
3:44 of 2nd period - Shot Misses the Net.
3:46 of 2nd period - Wrist shot by Justin Abdelkader.
3:46 of 2nd period - Shot Misses the Net.
3:48 of 2nd period - Slapshot by Alexander Edler.
3:48 of 2nd period - Stopped by Michal Neuvirth with a rebound.
3:50 of 2nd period - Wrist shot by Alexander Edler.
3:50 of 2nd period - Deflect By Sean Monahan.
3:50 of 2nd period - Stopped by Michal Neuvirth with a rebound.
4:01 of 2nd period - Minor Penalty to Jason Zucker for Holding Stick.
4:02 of 2nd period - Andy Miele wins face-off versus William Karlsson in Blue Jackets zone.
4:05 of 2nd period - Snap shot by Mikael Granlund.
4:05 of 2nd period - Shot Misses the Net.
4:07 of 2nd period - Slapshot by Ryan Mcdonagh.
4:07 of 2nd period - Stopped by Michal Neuvirth with a rebound.
4:15 of 2nd period - Slapshot by Alexander Ovechkin.
4:15 of 2nd period - Shot Misses the Net.
4:37 of 2nd period - Wrist shot by Brendan Gallagher.
4:37 of 2nd period - Shot Misses the Net.
4:39 of 2nd period - Slapshot by Jack Eichel.
4:39 of 2nd period - Deflect By Brendan Gallagher.
4:39 of 2nd period - Stopped by Michal Neuvirth without a rebound.
4:40 of 2nd period - Andy Miele wins face-off versus Sean Monahan in Blue Jackets zone.
5:43 of 2nd period - Vince Hinostroza is hit by Brendan Gallagher.
6:01 of 2nd period - Penalty to Jason Zucker is over, Jason Zucker is back on ice.
6:16 of 2nd period - Minor Penalty to Matt Stajan for Hooking.
6:17 of 2nd period - Alexander Ovechkin wins face-off versus Mikko Rantanen in Predators zone.
8:16 of 2nd period - Penalty to Matt Stajan is over, Matt Stajan is back on ice.
8:32 of 2nd period - Nate Schmidt is hit by Mike Richards and loses puck.
9:03 of 2nd period - Minor Penalty to Fabian Brunnstrom for Roughing.
9:04 of 2nd period - William Karlsson wins face-off versus Andy Miele in Blue Jackets zone.
9:04 of 2nd period - William Karlsson is hit by Alexander Ovechkin.
11:03 of 2nd period - Penalty to Fabian Brunnstrom is over, Fabian Brunnstrom is back on ice.
11:08 of 2nd period - Snap shot by Shea Theodore.
11:08 of 2nd period - Stopped by Kari Lehtonen with a rebound.
11:10 of 2nd period - Snap shot by Bryce Lampman.
11:10 of 2nd period - Stopped by Kari Lehtonen with a rebound.
11:12 of 2nd period - Slapshot by Bryce Lampman.
11:12 of 2nd period - Stopped by Kari Lehtonen with a rebound.
11:14 of 2nd period - Slapshot by Bryce Lampman.
11:14 of 2nd period - Deflect By Justin Faulk.
11:14 of 2nd period - Stopped by Kari Lehtonen with a rebound.
11:16 of 2nd period - Slapshot by Teuvo Teravainen.
11:16 of 2nd period - Stopped by Kari Lehtonen with a rebound.
12:00 of 2nd period - Snap shot by Jason Zucker.
12:00 of 2nd period - Shot Misses the Net.
12:02 of 2nd period - Snap shot by Sean Monahan.
12:02 of 2nd period - Deflect By Mark Pysyk.
12:02 of 2nd period - Shot Misses the Net.
12:02 of 2nd period - Puck is out of play.
12:03 of 2nd period - Jack Eichel wins face-off versus Teuvo Teravainen in Predators zone.
12:32 of 2nd period - Jake McCabe is hit by Andy Miele and loses puck.
12:51 of 2nd period - Snap shot by Mark Pysyk.
12:51 of 2nd period - Deflect By Justin Abdelkader.
12:51 of 2nd period - Stopped by Michal Neuvirth with a rebound.
12:53 of 2nd period - Wrist shot by Mark Pysyk.
12:53 of 2nd period - Goal by Mark Pysyk - Blue Jackets : 1 - Predators : 2.
12:54 of 2nd period - Jack Eichel wins face-off versus Nicklas Backstrom in neutral zone.
13:07 of 2nd period - Wrist shot by Teuvo Teravainen.
13:07 of 2nd period - Stopped by Kari Lehtonen without a rebound.
13:08 of 2nd period - Nicklas Backstrom wins face-off versus Jack Eichel in Predators zone.
13:15 of 2nd period - Teuvo Teravainen is hit by Jack Eichel and loses puck.
13:53 of 2nd period - Minor Penalty to Andy Miele for Cross-checking.
13:54 of 2nd period - Alexander Ovechkin wins face-off versus Nicklas Backstrom in Predators zone.
13:54 of 2nd period - Alexander Ovechkin is hit by Teuvo Teravainen.
14:00 of 2nd period - Colton Parayko is hit by Justin Faulk and loses puck.
14:09 of 2nd period - Snap shot by Mikko Rantanen.
14:09 of 2nd period - Shot Blocked by Justin Faulk.
15:53 of 2nd period - Penalty to Andy Miele is over, Andy Miele is back on ice.
17:21 of 2nd period - Double Minor Penalty to Colton Parayko for Slashing.
17:22 of 2nd period - Jack Eichel wins face-off versus William Karlsson in Blue Jackets zone.
Goals for this period are 0 for Blue Jackets vs 1 for Predators.
Shots for this period are 7 for Blue Jackets vs 6 for Predators.
3rd period
0:01 of 3rd period - Mikael Granlund wins face-off versus William Karlsson in neutral zone.
0:43 of 3rd period - Icing by Alexander Edler.
0:44 of 3rd period - Andy Miele wins face-off versus William Karlsson in Predators zone.
1:21 of 3rd period - Penalty to Colton Parayko is over, Colton Parayko is back on ice.
2:55 of 3rd period - Snap shot by Justin Abdelkader.
2:55 of 3rd period - Shot Misses the Net.
3:11 of 3rd period - Mike Brown is hit by Riley Sheahan and loses puck.
3:50 of 3rd period - Wrist shot by Mikko Rantanen.
3:50 of 3rd period - Stopped by Kari Lehtonen with a rebound.
4:16 of 3rd period - Snap shot by Justin Abdelkader.
4:16 of 3rd period - Stopped by Michal Neuvirth without a rebound.
4:17 of 3rd period - Andy Miele wins face-off versus Sean Monahan in Blue Jackets zone.
4:18 of 3rd period - Wrist shot by Brendan Gallagher.
4:18 of 3rd period - Stopped by Michal Neuvirth without a rebound.
4:19 of 3rd period - Sean Monahan wins face-off versus Andy Miele in Blue Jackets zone.
4:19 of 3rd period - Sean Monahan is hit by Jaden Schwartz.
4:31 of 3rd period - Slapshot by Sean Monahan.
4:31 of 3rd period - Shot Misses the Net.
5:10 of 3rd period - Snap shot by Jack Eichel.
5:10 of 3rd period - Shot Misses the Net.
5:22 of 3rd period - Josh Morrissey is hit by Teuvo Teravainen and loses puck.
5:38 of 3rd period - Minor Penalty to Rickard Rakell for Interference.
5:39 of 3rd period - Mikael Granlund wins face-off versus Vince Hinostroza in Blue Jackets zone.
6:57 of 3rd period - Brendan Gallagher is hit by Vince Hinostroza and loses puck.
7:26 of 3rd period - Jason Zucker is hit by Justin Faulk.
7:38 of 3rd period - Penalty to Rickard Rakell is over, Rickard Rakell is back on ice.
7:50 of 3rd period - Wrist shot by Mikko Rantanen.
7:50 of 3rd period - Deflect By Teuvo Teravainen.
7:50 of 3rd period - Stopped by Kari Lehtonen with a rebound.
8:08 of 3rd period - Snap shot by Jason Zucker.
8:08 of 3rd period - Deflect By Sean Monahan.
8:08 of 3rd period - Stopped by Kari Lehtonen with a rebound.
8:10 of 3rd period - Wrist shot by Ben Chiarot.
8:10 of 3rd period - Shot Misses the Net.
8:12 of 3rd period - Slapshot by Ben Chiarot.
8:12 of 3rd period - Stopped by Kari Lehtonen with a rebound.
8:22 of 3rd period - Slapshot by Vince Hinostroza.
8:22 of 3rd period - Stopped by Kari Lehtonen with a rebound.
8:24 of 3rd period - Slapshot by Vince Hinostroza.
8:24 of 3rd period - Shot Misses the Net.
8:26 of 3rd period - Slapshot by Bryce Lampman.
8:26 of 3rd period - Stopped by Kari Lehtonen without a rebound.
8:27 of 3rd period - Vince Hinostroza wins face-off versus Matt Stajan in Predators zone.
8:36 of 3rd period - Slapshot by Ryan Mcdonagh.
8:36 of 3rd period - Deflect By Justin Abdelkader.
8:36 of 3rd period - Shot Misses the Net.
8:36 of 3rd period - Puck is out of play.
8:37 of 3rd period - Nicklas Backstrom wins face-off versus Matt Stajan in Blue Jackets zone.
8:50 of 3rd period - Snap shot by Justin Abdelkader.
8:50 of 3rd period - Stopped by Michal Neuvirth without a rebound.
8:51 of 3rd period - Jack Eichel wins face-off versus William Karlsson in Blue Jackets zone.
9:18 of 3rd period - Brendan Gallagher is hit by Teuvo Teravainen and loses puck.
9:28 of 3rd period - Ryan Mcdonagh is hit by Ben Chiarot and loses puck.
10:47 of 3rd period - Off-side.
10:48 of 3rd period - Andy Miele wins face-off versus Nicklas Backstrom in neutral zone.
10:57 of 3rd period - Icing by Mikko Rantanen.
10:58 of 3rd period - Jack Eichel wins face-off versus Mikko Rantanen in Blue Jackets zone.
11:03 of 3rd period - Snap shot by Mikael Granlund.
11:03 of 3rd period - Shot Misses the Net.
11:05 of 3rd period - Slapshot by Jack Eichel.
11:05 of 3rd period - Stopped by Michal Neuvirth without a rebound.
11:06 of 3rd period - Jack Eichel wins face-off versus William Karlsson in Blue Jackets zone.
11:07 of 3rd period - Snap shot by Mikael Granlund.
11:07 of 3rd period - Deflect By Jack Eichel.
11:07 of 3rd period - Shot Blocked by Travis Hamonic.
11:07 of 3rd period - Puck is out of play.
11:08 of 3rd period - William Karlsson wins face-off versus Jack Eichel in Blue Jackets zone.
11:15 of 3rd period - Wrist shot by Rickard Rakell.
11:15 of 3rd period - Stopped by Kari Lehtonen with a rebound.
11:17 of 3rd period - Snap shot by Rickard Rakell.
11:17 of 3rd period - Goal by Rickard Rakell - Blue Jackets : 2 - Predators : 2.
11:18 of 3rd period - Nicklas Backstrom wins face-off versus Jack Eichel in neutral zone.
11:29 of 3rd period - Wrist shot by Mikko Rantanen.
11:29 of 3rd period - Stopped by Kari Lehtonen with a rebound.
11:58 of 3rd period - Snap shot by Brendan Gallagher.
11:58 of 3rd period - Stopped by Michal Neuvirth without a rebound.
11:59 of 3rd period - Nicklas Backstrom wins face-off versus Matt Stajan in Blue Jackets zone.
12:23 of 3rd period - Icing by John Moore.
12:24 of 3rd period - Jack Eichel wins face-off versus Sean Monahan in Predators zone.
12:24 of 3rd period - Jack Eichel is hit by Riley Sheahan.
12:50 of 3rd period - Slapshot by John Moore.
12:50 of 3rd period - Deflect By Ben Chiarot.
12:50 of 3rd period - Stopped by Michal Neuvirth with a rebound.
12:52 of 3rd period - Slapshot by Jaden Schwartz.
12:52 of 3rd period - Shot Misses the Net.
13:25 of 3rd period - Minor Penalty to Mark Pysyk for Interference.
13:26 of 3rd period - Alexander Ovechkin wins face-off versus Nicklas Backstrom in Predators zone.
15:25 of 3rd period - Penalty to Mark Pysyk is over, Mark Pysyk is back on ice.
15:30 of 3rd period - Snap shot by Nicolas Kerdiles.
15:30 of 3rd period - Shot Misses the Net.
15:32 of 3rd period - Snap shot by Nicolas Kerdiles.
15:32 of 3rd period - Deflect By Mike Brown.
15:32 of 3rd period - Goal by Mike Brown - Blue Jackets : 2 - Predators : 3.
15:33 of 3rd period - Mark Pysyk wins face-off versus Mike Richards in neutral zone.
15:51 of 3rd period - Mike Richards is hit by Alexander Edler and loses puck.
16:13 of 3rd period - Snap shot by Mike Richards.
16:13 of 3rd period - Shot Blocked by Matt Stajan.
16:15 of 3rd period - Wrist shot by Fabian Brunnstrom.
16:15 of 3rd period - Shot Blocked by Alexander Edler.
16:17 of 3rd period - Slapshot by Bryce Lampman.
16:17 of 3rd period - Stopped by Kari Lehtonen without a rebound.
16:18 of 3rd period - Jack Eichel wins face-off versus William Karlsson in Predators zone.
16:31 of 3rd period - Snap shot by Alexander Ovechkin.
16:31 of 3rd period - Shot Blocked by Rickard Rakell.
16:49 of 3rd period - Snap shot by Teuvo Teravainen.
16:49 of 3rd period - Stopped by Kari Lehtonen with a rebound.
17:04 of 3rd period - Off-side.
17:05 of 3rd period - Scott Laughton wins face-off versus Sean Monahan in neutral zone.
17:10 of 3rd period - Slapshot by Nicolas Kerdiles.
17:10 of 3rd period - Stopped by Michal Neuvirth with a rebound.
17:32 of 3rd period - Josh Morrissey is hit by Jake McCabe and loses puck.
18:45 of 3rd period - Blue Jackets, Michal Neuvirth is pulled from the net.
18:45 of 3rd period - Backhand shot by Rickard Rakell.
18:45 of 3rd period - Stopped by Kari Lehtonen with a rebound.
18:47 of 3rd period - Snap shot by Bobby Ryan.
18:47 of 3rd period - Shot Misses the Net.
18:53 of 3rd period - Minor Penalty to Justin Faulk for Tripping.
18:54 of 3rd period - Nicklas Backstrom wins face-off versus Alexander Ovechkin in Predators zone.
18:55 of 3rd period - Wrist shot by Mikko Rantanen.
18:55 of 3rd period - Shot Misses the Net.
19:11 of 3rd period - Snap shot by Nicklas Backstrom.
19:11 of 3rd period - Shot Misses the Net.
Goals for this period are 1 for Blue Jackets vs 1 for Predators.
Shots for this period are 12 for Blue Jackets vs 8 for Predators.